| TOP OF THE 1ST |
|
Americus Braves batting - Pitching for Tijuana Toros : RHP Balinda Msrah
|
|
Pitching: RHP Balinda Msrah
|
|
|
Batting: RHB Joe Young
|
0-0: Foul Ball, location: 2F 0-1: Foul Ball, location: 2F 0-2: Ball 1-2: Strikes out swinging
|
|
Batting: SHB Jose Melendez
|
0-0: Ball 1-0: Swinging Strike 1-1: Swinging Strike 1-2: Ball 2-2: Ground out 5-3 (Groundball, 56, EV 101.9 MPH)
|
|
Batting: RHB Hisayuki Akiyama
|
0-0: Ball 1-0: Ball 2-0: Foul Ball, location: 2F 2-1: Foul Ball, location: 2F 2-2: Ball 3-2: Fly out, F7 (Flyball, 7, EV 96.3 MPH)
|
| Top of the 1st over - 0 runs, 0 hits, 0 errors, 0 left on base; Americus 0 - Tijuana 0 |
| BOTTOM OF THE 1ST |
|
Tijuana Toros batting - Pitching for Americus Braves : RHP George Kellum
|
|
Pitching: RHP George Kellum
|
|
|
Batting: LHB Nate Kee
|
0-0: Called Strike 0-1: Called Strike 0-2: Foul Ball, location: 2F 0-2: Ball 1-2: Strikes out swinging
|
|
Batting: LHB Steve Pond
|
0-0: Ball 1-0: Fly out, F8 (Flyball, 89M, EV 79.4 MPH)
|
|
Batting: RHB Chad Rojas
|
0-0: Called Strike 0-1: Ground out 4-3 (Groundball, 4, EV 86.9 MPH)
|
| Bottom of the 1st over - 0 runs, 0 hits, 0 errors, 0 left on base; Americus 0 - Tijuana 0 |
| TOP OF THE 2ND |
|
Americus Braves batting - Pitching for Tijuana Toros : RHP Balinda Msrah
|
|
Batting: RHB Josh McCormick
|
0-0: Ball 1-0: Called Strike 1-1: Foul Ball, location: 2F 1-2: Ball 2-2: Foul Ball, location: 2F 2-2: Ball 3-2: Base on Balls
|
|
Pitching: RHP Gary Salazar
|
|
|
Batting: LHB Erik Gretzky
|
0-0: Called Strike 0-1: SINGLE (Flyball, 3D, EV 91.9 MPH) Josh McCormick to second
|
|
Batting: SHB Jordan Barragan
|
0-0: Called Strike 0-1: TRIPLE (Flyball, 78XD, EV 100.0 MPH) Josh McCormick scores Erik Gretzky scores
|
|
Batting: LHB Ryan Murdock
|
0-0: Called Strike 0-1: Foul Ball, location: 2F 0-2: Single, Error in OF, E9, batter to second base (Line Drive, 89S, EV 93.8 MPH) Jordan Barragan scores
|
|
Batting: RHB Terry Hughes
|
0-0: Called Strike 0-1: Foul Ball, location: 2F 0-2: Strikes out swinging
|
|
Batting: RHB Gerard Michel
|
0-0: SINGLE (Flyball, 89S, EV 94.4 MPH) Ryan Murdock to third
|
|
Batting: RHB Joe Young
|
0-0: Swinging Strike 0-1: Foul Ball, location: 2F 0-2: Grounds into double play, 5-4-3 (Groundball, 56S, EV 82.5 MPH)
|
| Top of the 2nd over - 3 runs, 4 hits, 1 error, 1 left on base; Americus 3 - Tijuana 0 |
| BOTTOM OF THE 2ND |
|
Tijuana Toros batting - Pitching for Americus Braves : RHP George Kellum
|
|
Batting: RHB Joe Bower
|
0-0: Ball 1-0: Ground out 6-3 (Groundball, 6, EV 111.3 MPH)
|
|
Batting: LHB Mesfin Azagba
|
0-0: Ground out 6-3 (Groundball, 6, EV 91.3 MPH)
|
|
Batting: RHB David Watkins
|
0-0: Fly out, F3 (Popup, 3F, EV 80.0 MPH)
|
| Bottom of the 2nd over - 0 runs, 0 hits, 0 errors, 0 left on base; Americus 3 - Tijuana 0 |
| TOP OF THE 3RD |
|
Americus Braves batting - Pitching for Tijuana Toros : RHP Gary Salazar
|
|
Batting: SHB Jose Melendez
|
0-0: Ball 1-0: Called Strike 1-1: Ground out 1-3 (Groundball, 13S, EV 68.8 MPH)
|
|
Batting: RHB Hisayuki Akiyama
|
0-0: Swinging Strike 0-1: Swinging Strike 0-2: Strikes out swinging
|
|
Batting: RHB Josh McCormick
|
0-0: Ball 1-0: Called Strike 1-1: Ball 2-1: Foul Ball, location: 2F 2-2: SOLO HOME RUN (Flyball, 9D, EV 99.4 MPH), Distance : 364 ft
|
|
Batting: LHB Erik Gretzky
|
0-0: DOUBLE (Flyball, 8RXD, EV 100.6 MPH)
|
|
Pitching: RHP Alfredo Sanchez
|
|
|
Batting: SHB Jordan Barragan
|
0-0: Ball 1-0: Foul Ball, location: 2F 1-1: Ball 2-1: Foul Ball, location: 2F 2-2: Strikes out swinging
|
| Top of the 3rd over - 1 run, 2 hits, 0 errors, 1 left on base; Americus 4 - Tijuana 0 |
| BOTTOM OF THE 3RD |
|
Tijuana Toros batting - Pitching for Americus Braves : RHP George Kellum
|
|
Batting: RHB Pat Adams
|
0-0: Ground out 5-3 (Groundball, 56S, EV 82.5 MPH)
|
|
Batting: RHB Mike Kaczor
|
0-0: SOLO HOME RUN (Flyball, 7D, EV 100.0 MPH), Distance : 398 ft
|
|
Batting: RHB Ruben Irizarry
|
0-0: Foul Ball, location: 2F 0-1: Ball 1-1: Called Strike 1-2: Strikes out swinging
|
|
Batting: LHB Nate Kee
|
0-0: Fly out, F9 (Flyball, 9D, EV 86.3 MPH)
|
| Bottom of the 3rd over - 1 run, 1 hit, 0 errors, 0 left on base; Americus 4 - Tijuana 1 |
| TOP OF THE 4TH |
|
Americus Braves batting - Pitching for Tijuana Toros : RHP Alfredo Sanchez
|
|
Batting: LHB Ryan Murdock
|
0-0: Foul Ball, location: 2F 0-1: Foul Ball, location: 2F 0-2: Ball 1-2: Foul Ball, location: 2F 1-2: Fly out, F7 (Flyball, 7S, EV 95.6 MPH)
|
|
Batting: RHB Terry Hughes
|
0-0: Swinging Strike 0-1: Swinging Strike 0-2: Ball 1-2: Ground out U3 (Groundball, 3S, EV 61.9 MPH)
|
|
Batting: RHB Gerard Michel
|
0-0: Ball 1-0: Foul Ball, location: 2F 1-1: Fly out, F8 (Flyball, 8LD, EV 106.9 MPH)
|
| Top of the 4th over - 0 runs, 0 hits, 0 errors, 0 left on base; Americus 4 - Tijuana 1 |
| BOTTOM OF THE 4TH |
|
Tijuana Toros batting - Pitching for Americus Braves : RHP George Kellum
|
|
Batting: LHB Steve Pond
|
0-0: Called Strike 0-1: Called Strike 0-2: Ball 1-2: Ball 2-2: Ball 3-2: Fly out, F3 (Popup, 34S, EV 72.5 MPH)
|
|
Batting: RHB Chad Rojas
|
0-0: Called Strike 0-1: Foul Ball, location: 2F 0-2: Ball 1-2: Ball 2-2: Ball 3-2: Strikes out swinging
|
|
Batting: RHB Joe Bower
|
0-0: SINGLE (Line Drive, 7LM, EV 91.3 MPH)
|
|
Batting: LHB Mesfin Azagba
|
0-0: Ball 1-0: Called Strike 1-1: Ball 2-1: Swinging Strike 2-2: 2-RUN HOME RUN (Flyball, 9D, EV 94.4 MPH), Distance : 357 ft
|
|
Batting: RHB David Watkins
|
0-0: Called Strike 0-1: Called Strike 0-2: Ball 1-2: Ball 2-2: Strikes out swinging
|
| Bottom of the 4th over - 2 runs, 2 hits, 0 errors, 0 left on base; Americus 4 - Tijuana 3 |
| TOP OF THE 5TH |
|
Americus Braves batting - Pitching for Tijuana Toros : RHP Alfredo Sanchez
|
|
Batting: RHB Joe Young
|
0-0: Ball 1-0: Ball 2-0: SINGLE (Groundball, 6MD, EV 98.8 MPH)
|
|
Batting: SHB Jose Melendez
|
0-0: Ball 1-0: Foul Ball, location: 2F 1-1: Called Strike Joe Young is caught stealing 2nd base 2-6 1-2: Foul Ball, location: 2F 1-2: Strikes out swinging
|
|
Batting: RHB Hisayuki Akiyama
|
0-0: Foul Ball, location: 2F 0-1: Fly out, F9 (Flyball, 89M, EV 78.1 MPH)
|
| Top of the 5th over - 0 runs, 1 hit, 0 errors, 0 left on base; Americus 4 - Tijuana 3 |
| BOTTOM OF THE 5TH |
|
Tijuana Toros batting - Pitching for Americus Braves : RHP George Kellum
|
|
Batting: RHB Pat Adams
|
0-0: Ball 1-0: Fly out, F8 (Flyball, 8RXD, EV 105.0 MPH)
|
|
Batting: RHB Mike Kaczor
|
0-0: Reached on error, E3 (Groundball, 34S, EV 84.4 MPH)
|
|
Batting: RHB Ruben Irizarry
|
0-0: Called Strike 0-1: Fly out, F7 (Flyball, 78D, EV 75.6 MPH)
|
|
Batting: LHB Nate Kee
|
0-0: Called Strike 0-1: Foul Ball, location: 2F 0-2: Strikes out looking
|
| Bottom of the 5th over - 0 runs, 0 hits, 1 error, 1 left on base; Americus 4 - Tijuana 3 |
| TOP OF THE 6TH |
|
Americus Braves batting - Pitching for Tijuana Toros : RHP Alfredo Sanchez
|
|
Batting: RHB Josh McCormick
|
0-0: Swinging Strike 0-1: Foul Ball, location: 2F 0-2: Foul Ball, location: 2F 0-2: Ball 1-2: Ground out 6-3 (Groundball, 6S, EV 93.8 MPH)
|
|
Pitching: RHP Jeff Lewis
|
|
|
Batting: LHB Erik Gretzky
|
0-0: Ball 1-0: Called Strike 1-1: Ball 2-1: Called Strike 2-2: Foul Ball, location: 2F 2-2: Foul Ball, location: 2F 2-2: Ball 3-2: Ground out U3 (Groundball, 34S, EV 85.6 MPH)
|
|
Batting: SHB Jordan Barragan
|
0-0: Ball 1-0: Ball 2-0: Called Strike 2-1: Foul Ball, location: 2F 2-2: Ball 3-2: Foul Ball, location: 2F 3-2: Strikes out swinging
|
| Top of the 6th over - 0 runs, 0 hits, 0 errors, 0 left on base; Americus 4 - Tijuana 3 |
| BOTTOM OF THE 6TH |
|
Tijuana Toros batting - Pitching for Americus Braves : RHP George Kellum
|
|
Batting: LHB Steve Pond
|
0-0: Ball 1-0: Ball 2-0: Ball 3-0: Called Strike 3-1: Base on Balls
|
|
Batting: RHB Chad Rojas
|
0-0: Ball 1-0: Fly out, F8 (Flyball, 78D, EV 94.4 MPH)
|
|
Batting: RHB Joe Bower
|
0-0: SINGLE (Line Drive, 34D, EV 97.5 MPH) Steve Pond to second Runner from 2nd tries for 3rd, SAFE, throw by RF made to third
|
|
Batting: LHB Mesfin Azagba
|
0-0: Ball 1-0: Foul Ball, location: 2F 1-1: Foul Ball, location: 2F 1-2: Strikes out swinging
|
|
Batting: RHB David Watkins
|
0-0: Ball 1-0: Foul Ball, location: 2F 1-1: Foul Ball, location: 2F 1-2: Ball 2-2: Foul Ball, location: 2F 2-2: Foul Ball, location: 2F 2-2: Foul Ball, location: 2F 2-2: Ball 3-2: Base on Balls Joe Bower to second
|
|
Batting: RHB Pat Adams
|
0-0: Called Strike 0-1: Foul Ball, location: 2F 0-2: Ball 1-2: Foul Ball, location: 2F 1-2: Strikes out swinging
|
| Bottom of the 6th over - 0 runs, 1 hit, 0 errors, 3 left on base; Americus 4 - Tijuana 3 |
| TOP OF THE 7TH |
|
Americus Braves batting - Pitching for Tijuana Toros : RHP Jeff Lewis
|
|
Pitching: RHP Andrew Telles
|
|
|
Batting: LHB Ryan Murdock
|
0-0: Called Strike 0-1: Called Strike 0-2: Ball 1-2: Ground out 4-3 (Groundball, 4, EV 83.1 MPH)
|
|
Batting: RHB Terry Hughes
|
0-0: Ball 1-0: Ball 2-0: Ball 3-0: Called Strike 3-1: Swinging Strike 3-2: Strikes out swinging
|
|
Batting: RHB Gerard Michel
|
0-0: Ball 1-0: Ball 2-0: Swinging Strike 2-1: Swinging Strike 2-2: Strikes out looking
|
| Top of the 7th over - 0 runs, 0 hits, 0 errors, 0 left on base; Americus 4 - Tijuana 3 |
| BOTTOM OF THE 7TH |
|
Tijuana Toros batting - Pitching for Americus Braves : RHP George Kellum
|
|
Batting: RHB Mike Kaczor
|
0-0: Ball 1-0: Ball 2-0: Ball 3-0: Called Strike 3-1: Base on Balls
|
|
Batting: RHB Ruben Irizarry
|
0-0: 2-RUN HOME RUN (Flyball, 7D, EV 98.8 MPH), Distance : 391 ft
|
|
Pitching: RHP Danny MacKinnon
|
|
|
Batting: LHB Nate Kee
|
0-0: Called Strike 0-1: Ball 1-1: Ball 2-1: Ball 3-1: Called Strike 3-2: Foul Ball, location: 2F 3-2: Base on Balls
|
|
Batting: LHB Steve Pond
|
0-0: Called Strike Nate Kee steals 2nd base 0-1: Foul Ball, location: 2F 0-2: Ball 1-2: Foul Ball, location: 2F 1-2: Foul Ball, location: 2F 1-2: Fly out, F8 (Flyball, 8LXD, EV 96.9 MPH) Runner from 2nd tags up, SAFE at 3rd, no throw by CF
|
|
Batting: RHB Chad Rojas
|
0-0: Foul Ball, location: 2F 0-1: Ground out 4-3 (Groundball, 13, EV 85.0 MPH)
|
|
Batting: RHB Joe Bower
|
0-0: Foul Ball, location: 2F 0-1: Ball 1-1: Foul Ball, location: 2F 1-2: Foul Ball, location: 2F 1-2: Foul Ball, location: 2F 1-2: Strikes out swinging
|
| Bottom of the 7th over - 2 runs, 1 hit, 0 errors, 1 left on base; Americus 4 - Tijuana 5 |
| TOP OF THE 8TH |
|
Americus Braves batting - Pitching for Tijuana Toros : RHP Andrew Telles
|
|
Pitching: RHP Kevin Fleming
|
|
|
Batting: RHB Joe Young
|
0-0: Swinging Strike 0-1: Ball 1-1: Ball 2-1: SINGLE (Line Drive, 56D, EV 103.1 MPH)
|
|
Batting: SHB Jose Melendez
|
0-0: Foul Ball, location: 2F 0-1: Foul Ball, location: 2F 0-2: Ball 1-2: Strikes out swinging
|
|
Batting: RHB Hisayuki Akiyama
|
0-0: Called Strike Joe Young is caught stealing 2nd base 2-4 0-1: Called Strike 0-2: Ground out 5-3 (Groundball, 56, EV 102.5 MPH)
|
| Top of the 8th over - 0 runs, 1 hit, 0 errors, 0 left on base; Americus 4 - Tijuana 5 |
| BOTTOM OF THE 8TH |
|
Tijuana Toros batting - Pitching for Americus Braves : RHP Danny MacKinnon
|
|
Batting: LHB Mesfin Azagba
|
0-0: SINGLE (Groundball, 6D, EV 102.5 MPH)
|
|
Batting: RHB David Watkins
|
0-0: Ball 1-0: Foul Ball, location: 2F 1-1: Fly out, F7 (Line Drive, 7, EV 93.8 MPH)
|
|
Batting: RHB Pat Adams
|
0-0: Called Strike Mesfin Azagba steals 2nd base 0-1: Foul Ball, location: 2F 0-2: Strikes out swinging
|
|
Batting: RHB Mike Kaczor
|
0-0: Fly out, F8 (Flyball, 89XD, EV 81.9 MPH)
|
| Bottom of the 8th over - 0 runs, 1 hit, 0 errors, 1 left on base; Americus 4 - Tijuana 5 |
| TOP OF THE 9TH |
|
Americus Braves batting - Pitching for Tijuana Toros : RHP Kevin Fleming
|
|
Batting: RHB Josh McCormick
|
0-0: Ground out 4-3 (Groundball, 4, EV 80.0 MPH)
|
|
Batting: LHB Erik Gretzky
|
0-0: Called Strike 0-1: Called Strike 0-2: Ball 1-2: Strikes out looking
|
|
Batting: SHB Jordan Barragan
|
0-0: Ball 1-0: Swinging Strike 1-1: Ball 2-1: Foul Ball, location: 2F 2-2: Ball 3-2: Fly out, F7 (Flyball, 7, EV 94.4 MPH)
|
| Top of the 9th over - 0 runs, 0 hits, 0 errors, 0 left on base; Americus 4 - Tijuana 5 |
|